 Dungeon Crawl Stone Soup version bcrawl-1.13 (webtiles) character file.

Game seed: 12345351671338355401

52 Camlann the Sneak (level 3, -2/29 HPs)
             Began as a Demonspawn Archaeologist on July 27, 2019.
             Slain by a sky beast (5 damage)
             ... on level 3 of the Dungeon.
             The game lasted 00:02:15 (1490 turns).

Camlann the Sneak (Demonspawn Archaeologist)        Turns: 1490, Time: 00:02:15

Health: -2/29      AC:  8    Str:  9    XL:     3   Next: 60%
Magic:  12/12      EV: 12    Int: 15    God:
Gold:   189        SH:  3    Dex: 11    Spells: 2/2 levels left

rFire    . . .     SeeInvis .   a - +0 whip
rCold    . . .     Gourm    .   i - +0 buckler
rNeg     . . .     Faith    .   b - +1 robe
rPois    .         Spirit   .   c - +1 hat
rElec    .         Reflect  .   q - scarf {repulsion}
rCorr    .         Harm     .   (no gloves)
MR       .....                  d - +1 pair of boots
Stlth    ++........             (no amulet)
HPRegen  0.09/turn              k - ring of magical power
MPRegen  0.13/turn              l - -3 ring of strength (curse)

@: hasted, studying Long Blades, repel missiles, very quick
A: hooves 2, iridescent scales 1, powered by death 1
a: no special abilities


You were on level 3 of the Dungeon.
You were not hungry.

You visited 1 branch of the dungeon, and saw 3 of its levels.

You collected 189 gold pieces.

Inventory:

Hand Weapons
 a - a +0 whip (weapon)
Armour
 b - a +1 robe (worn)
 c - a +1 hat (worn)
 d - a +1 pair of boots (worn)
 i - a +0 buckler (worn)
 q - a scarf of repulsion (worn)
Jewellery
 k - a ring of magical power (left hand)
 l - a cursed -3 ring of strength (right hand)
 n - an uncursed ring of ice
Scrolls
 j - a scroll of identify
Potions
 h - a potion of mutation
 o - a potion of curing {unknown}
Books
 e - a manual of Long Blades
Miscellaneous
 f - an ancient crate
Comestibles
 g - 3 rations {!d}


   Skills:
 - Level 3.0 Fighting
 + Level 2.2 Long Blades
 - Level 0.8 Maces & Flails
 - Level 2.6 Dodging
 - Level 3.0 Stealth


You had 2 spell levels left.
You didn't know any spells.
Your spell library was empty.

Dungeon Overview and Level Annotations

Branches:
Dungeon (3/12)

Altars:
Okawaru


Innate Abilities, Weirdness & Mutations

You are partially covered in iridescent scales. (AC +2)
You regenerate a little health from kills.
You have hoof-like feet.


Message History

You are too injured to fight recklessly!
You are too injured to fight recklessly!
You are too injured to fight recklessly!
You are too injured to fight recklessly!
You are too injured to fight recklessly!
You are too injured to fight recklessly!
You hit the sky beast. The sky beast hits you. The sky beast shocks you.
* * * LOW HITPOINT WARNING * * *
The sky beast flickers out of sight!
Deactivating autopickup; reactivate with Ctrl-A.
You block something's attack.
It was a potion of mutation.
You feel extremely strange.
Your feet thicken and deform. x2
A sky beast appears from thin air!
Reactivating autopickup.
You block the sky beast's attack.
It was a potion of haste.
You feel yourself speed up. The sky beast hits you.
* * * LOW HITPOINT WARNING * * *
The sky beast shocks you.
You die...

##+## ### ##...## #..
##.....## #.##
##.......## #..## #
###........>####...##.##
..+....)....'...........
#.........####...##.##
##.......## #@.....#
##.....## ##Y#####
#####...## .# ##...##'##
.# #.###.#.# .# .##
##..# .# .# #..### .#
.## ##....## .#
..###....#.######.#


You could see a sky beast.

Vanquished Creatures
  An adder (D:3)
  A dart slug (D:2)
  2 leopard geckos (D:2)
  3 giant cockroaches
  5 goblins
  6 hobgoblins
  10 kobolds
  4 bats
  5 rats
37 creatures vanquished.

Notes
Turn   | Place    | Note
-------+----------+-------------------------------------------
     0 | D:1      | Camlann the Demonspawn Archaeologist began the quest for
                  | the Orb.
     0 | D:1      | Reached XP level 1. HP: 15/15 MP: 1/1
   236 | D:1      | Gained mutation: You regenerate a little health from kills.
                  | [demonic ancestry]
   236 | D:1      | Reached XP level 2. HP: 20/22 MP: 2/2
   611 | D:2      | Found an iron altar of Okawaru.
   912 | D:2      | Gained mutation: You are partially covered in iridescent
                  | scales. (AC +2) [demonic ancestry]
   912 | D:2      | Reached XP level 3. HP: 14/29 MP: 3/3
  1157 | D:2      | Reached skill level 1 in Long Blades
  1477 | D:3      | Noticed a sky beast
  1489 | D:3      | Gained mutation: You have large cloven feet. [potion of
                  | mutation]
  1489 | D:3      | Gained mutation: You have hoof-like feet. [potion of
                  | mutation]
  1490 | D:3      | Slain by a sky beast

Skill      XL: |  1  2  3 |
---------------+----------+-----
Fighting       | 2 3 |  3.0
Long Blades    | 2 |  2.2
Maces & Flails | |  0.8
Dodging        | |  2.6
Stealth        | |  3.0

Action                   || total
-------------------------++-------
Melee: Whip              ||   176
  Use: Scroll            ||     4
       Potion            ||     2
 Stab: Sleeping          ||     7
  Eat: Chunk             ||     2
Armor: Robe              ||    57
Dodge: Dodged            ||   103
Block: Buckler           ||    20
